 Dungeon Crawl Stone Soup version 0.19-a0-526-gbe2e51c (webtiles) character file.

166 Geppetto the Magician (level 5, -3/37 HPs)
             Began as a Human Wanderer on June 7, 2016.
             Was a Follower of Ru.
             Killed by divine providence
             ... invoked by an orc priest
              (15 damage)
             ... on level 3 of the Dungeon.
             The game lasted 00:17:17 (4837 turns).

Geppetto the Magician (Human Wanderer)              Turns: 4837, Time: 00:17:17

Health: -3/37      AC:  4    Str: 14    XL:     5   Next: 76%
Magic:  10/10      EV: 10    Int: 13    God:    Ru [*.....]
Gold:   166        SH:  0    Dex: 13    Spells: 4 memorised, 3 levels left

rFire  . . .     SeeInvis .     l - -2 short sword (curse)
rCold  . . .     Gourm    .     o - +0 leather armour
rNeg   . . .     Faith    .     (no shield)
rPois  .         Spirit   .     (no helmet)
rElec  .         Dismiss  .     (no cloak)
rCorr  .         Reflect  .     (no gloves)
SustAt .         Harm     .     n - +0 pair of boots
MR     .....                    (no amulet)
Stlth  +.........               (no ring)
                                (no ring)

@: not resistant to hostile enchantments, very unstealthy
A: regeneration 1, strong 1, cowardly
a: Renounce Religion


You were on level 3 of the Dungeon.
You worshipped Ru.
Ru was aware of your devotion.
You were hungry.

You visited 1 branch of the dungeon, and saw 3 of its levels.

You collected 166 gold pieces.

Inventory:

Hand Weapons
 c - a +2 hand axe
 l - a cursed -2 short sword (weapon)
Missiles
 g - 53 stones (quivered)
 k - 12 poisoned needles
Armour
 n - a +0 pair of boots (worn)
 o - a +0 leather armour (worn)
Scrolls
 e - 2 scrolls of identify
 h - a scroll of enchant weapon
Potions
 j - a potion of haste
Books
 a - a book of Spatial Translocations

   Spells                             Type                      Level
   a - Apportation                    Translocation                1
   b - Blink                          Translocation                2
   c - Shroud of Golubria             Charms/Translocation         2
   d - Portal Projectile              Translocation                3
   e - Teleport Other                 Translocation                3
   f - Passage of Golubria            Translocation                4
 f - a book of Envenomations

   Spells                             Type                      Level
   a - Spider Form                    Transmutation/Poison         3
   b - Olgreb's Toxic Radiance        Poison                       4
   c - Alistair's Intoxication        Transmutation/Poison         5
   d - Poisonous Cloud                Conjuration/Poison/Air       6
Comestibles
 b - a royal jelly
 d - a bread ration
 m - 2 fruits
 p - a slice of pizza
 q - 2 meat rations


   Skills:
 - Level 1.6 Fighting
 - Level 2.4 Axes
 - Level 1.0 Throwing
 - Level 1.0 Armour
   Level 1.0 Shields
 + Level 1.0 Unarmed Combat
 - Level 3.8 Spellcasting
   Level 1.0 Summonings
 - Level 2.0 Translocations
 * Level 1.9 Transmutations


You had 3 spell levels left.
You knew the following spells:

 Your Spells              Type           Power        Failure   Level  Hunger
a - Apportation           Tloc           #.........   12%         1    None
b - Blink                 Tloc           N/A          17%         2    ##.....
c - Shroud of Golubria    Chrm/Tloc      #.........   30%         2    ##.....
d - Spider Form           Tmut/Pois      #.........   65%         3    ###....


Dungeon Overview and Level Annotations

Branches:
Dungeon (3/15)

Altars:
Cheibriados
Ru
Trog
Vehumet
Xom


Innate Abilities, Weirdness & Mutations

Your cowardice makes you less effective in combat with threatening monsters.
Your natural rate of healing is unusually fast.
Your muscles are strong. (Str +2)


Message History

The orc priest barely misses you.
You closely miss the orc priest.
The orc priest is lightly wounded.
The orc priest closely misses you.
You hit the orc priest but do no damage.
The orc priest is lightly wounded.
The orc priest hits you with a hand axe.
* * * LOW HITPOINT WARNING * * *
Okay, then.
You hit the orc priest.
The orc priest is lightly wounded.
The orc priest barely misses you.
You hit the orc priest but do no damage.
The orc priest is lightly wounded.
The orc priest barely misses you.
You hit the orc priest but do no damage.
The orc priest is lightly wounded.
The orc priest invokes the aid of Beogh against you.
Beogh smites you!
You die...

..!# ## ...# ..
...###########.#
...............#
##.####....##### ## #.#
#....# .# #.# #....# .#
..
##.####.>..#######.##..#
...#....###.....@......#
......#####.#####o####.#
####..#.....# #)#
#)....#.##### #.#
....#...#########(##
....#.###....)(o(.(#
...##.#.....########
...##.#.#.#.#
...##.#...#.#


You could see an orc priest.

Vanquished Creatures
  A worker ant (D:3)
  Terence (D:2)
  2 adders (D:2)
  A worm (D:3)
  4 dart slugs
  A giant gecko (D:1)
  3 orcs (D:3)
  4 giant cockroaches
  8 goblins
  14 hobgoblins
  14 jackals
  6 kobolds
  2 quokkas
  2 ball pythons
  4 bats
  3 giant newts
  8 rats
78 creatures vanquished.

Notes
Turn   | Place    | Note
--------------------------------------------------------------
     0 | D:1      | Geppetto the Human Wanderer began the quest for the Orb.
     0 | D:1      | Geppetto set off with: a book of Spatial Translocations, a +0 ring mail, a +0 hand axe, a bread ration
     0 | D:1      | Reached XP level 1. HP: 13/13 MP: 3/3
     2 | D:1      | Learned a level 1 spell: Apportation
   183 | D:1      | Reached XP level 2. HP: 19/19 MP: 5/5
   828 | D:1      | Reached XP level 3. HP: 24/24 MP: 7/7
  1190 | D:1      | Learned a level 2 spell: Blink
  1624 | D:2      | Reached skill level 1 in Fighting
  1656 | D:2      | Reached skill level 3 in Spellcasting
  1670 | D:2      | Reached XP level 4. HP: 14/32 MP: 3/8
  1916 | D:2      | Learned a level 2 spell: Shroud of Golubria
  1946 | D:2      | Noticed Terence
  1979 | D:2      | Killed Terence
  2849 | D:2      | Reached XP level 5. HP: 13/37 MP: 10/10
  3579 | D:3      | Found a faded altar of an unknown god.
  3593 | D:3      | Became a worshipper of Ru the Awakened
  3599 | D:3      | Gained mutation: Your cowardice makes you less effective in combat with threatening monsters. [Ru sacrifice]
  3599 | D:3      | Reached * piety under Ru
  3625 | D:3      | Learned a level 3 spell: Spider Form
  3675 | D:3      | HP: 1/55 [worker ant (3)]
  3676 | D:3      | Gained mutation: Your muscles are strong. (Str +2) [potion of mutation]
  3676 | D:3      | Gained mutation: Your natural rate of healing is unusually fast. [potion of mutation]
  3677 | D:3      | Reached skill level 1 in Transmutations
  3680 | D:3      | HP: 1/55 [poisoned by a worker ant]
  3686 | D:3      | HP: 1/55 [poisoned by a worker ant]
  3691 | D:3      | HP: 1/55 [poisoned by a worker ant]
  3696 | D:3      | HP: 1/55 [poisoned by a worker ant]
  3702 | D:3      | HP: 2/55 [poisoned by a worker ant]
  3708 | D:3      | HP: 1/37 [poisoned by a worker ant]
  3906 | D:3      | Found a shimmering altar of Xom.
  3906 | D:3      | Found a radiant altar of Vehumet.
  3911 | D:3      | Found a snail-covered altar of Cheibriados.
  4400 | D:3      | Found a bloodstained altar of Trog.
  4725 | D:3      | Reached skill level 1 in Unarmed Combat
  4837 | D:3      | Killed from afar by an orc priest

Vault maps used:
D:1:      elethiomel_arrival_shortcut
D:2:      uniq_jessica, uniq_terence
D:3:      lemuel_crystal_altar, minitemple, ecumenical_altar_2

Skill      XL: |  1  2  3  4  5 |
---------------+----------------+-----
Fighting       | 1 |  1.6
Spellcasting   | 3 |  3.8
Transmutations | 1 |  1.9
Unarmed Combat | 1 |  1.0
Axes           | |  2.4
Throwing       | |  1.0
Armour         | |  1.0
Shields        | |  1.0
Summonings     | |  1.0
Translocations | |  2.0

Action                   |  1- 3 |  4- 6 || total
-------------------------+-------+-------++-------
Melee: Hand axe          |   126 |    32 ||   158
       Short sword       |       |   355 ||   355
Throw: Stone             |       |    43 ||    43
 Cast: Blink             |     2 |     3 ||     5
       Apportation       |       |     1 ||     1
Invok: Sacrifice Courage |       |     1 ||     1
  Use: Scroll            |     5 |     3 ||     8
       Potion            |     1 |     5 ||     6
  Eat: Chunk             |     2 |    11 ||    13
Armor: Ring mail         |    44 |       ||    44
       Leather armour    |    11 |   118 ||   129
       Skin              |       |    36 ||    36
Dodge: Dodged            |    86 |   240 ||   326
